 Dungeon Crawl Stone Soup version 0.26.1-2-gb8aa6d0cf2 (webtiles) character file.

Game seed: 7893850766871810309

2489 funkygono the Firebug (level 9, -15/47 HPs)
             Began as a Gargoyle Fire Elementalist on Feb 8, 2021.
             Was a Follower of Vehumet.
             Demolished by a komodo dragon (17 damage)
             ... on level 9 of the Dungeon on Feb 9, 2021.
             The game lasted 00:23:30 (9864 turns).

funkygono the Firebug (Gargoyle Fire Elementalist)  Turns: 9864, Time: 00:23:30

Health: -15/47     AC: 16    Str: 11    XL:     9   Next: 52%
Magic:  24/27      EV: 12    Int: 20    God:    Vehumet [*.....]
Gold:   461        SH:  0    Dex: 10    Spells: 12/21 levels left

rFire    . . .     SeeInvis .   d - +3 whip
rCold    . . .     Faith    +   (no shield)
rNeg     + . .     Spirit   .   p - +0 leather armour
rPois    ∞         Reflect  .   (no helmet)
rElec    +         Harm     .   q - +1 cloak
rCorr    .         Rampage  .   (no gloves)
Will     .....                  (no boots)
Stlth    ++........             u - amulet of faith
HPRegen  0.15/turn              l - ring of magical power
MPRegen  0.20/turn              h - +4 ring of protection

@: no status effects
A: negative energy resistance 1, electricity resistance, unbreathing,
petrification resistance, miasma immunity, AC +6
a: Renounce Religion


You were on level 9 of the Dungeon.
You worshipped Vehumet.
Vehumet was aware of your devotion.
You visited 2 branches of the dungeon, and saw 10 of its levels.
You also visited: Ossuary.

You collected 461 gold pieces.

Inventory:

Hand Weapons
 d - a +3 whip (weapon)
Missiles
 g - 232 stones
Armour
 a - a +0 robe
 j - a +0 plate armour of poison resistance
 p - a +0 leather armour (worn)
 q - a +1 cloak (worn)
Magical Staves
 y - an uncursed staff of earth
Jewellery
 e - a +6 ring of intelligence
 h - a +4 ring of protection (right hand)
 l - a ring of magical power (left hand)
 u - an amulet of faith (around neck)
Scrolls
 k - 4 scrolls of teleportation
 m - 9 scrolls of remove curse
 n - 2 scrolls of identify
 s - 2 scrolls of magic mapping
 v - 3 scrolls of fog
 D - a scroll of noise {unknown}
Potions
 b - 3 potions of berserk rage
 c - 6 potions of curing
 f - 3 potions of resistance
 i - 3 potions of might
 o - 2 potions of haste
 r - a potion of mutation
 t - a potion of flight
 w - 2 potions of ambrosia
 x - a potion of degeneration {unknown}
 z - a potion of experience {unknown}
 A - a potion of brilliance {unknown}
 B - 2 potions of heal wounds
 C - a potion of attraction {unknown}


   Skills:
 + Level 1.4 Fighting
 + Level 2.7 Maces & Flails
 + Level 4.4 Armour
 + Level 2.3 Dodging
 + Level 2.9 Stealth
 * Level 6.5 Spellcasting
 * Level 6.0 Conjurations
 * Level 7.2 Fire Magic


You had 12 spell levels left.
You knew the following spells:

 Your Spells              Type           Power        Failure   Level
a - Foxfire               Conj/Fire      100%         1%          1
b - Conjure Flame         Conj/Fire      33%          2%          3
c - Fireball              Conj/Fire      16%          22%         5

Your spell library contained the following spells:

 Spells                   Type           Power        Failure   Level
 Shock                    Conj/Air       72%          3%          1
 Inner Flame              Hex/Fire       20%          9%          3
 Sticky Flame             Conj/Fire      33%          9%          4
 Beastly Appendage        Tmut           12%          13%         1
 Wereblood                Tmut           6%           19%         2
 Spider Form              Tmut/Pois      3%           36%         3
 Ice Form                 Ice/Tmut       6%           77%         4
 Blade Hands              Tmut           3%           98%         5


Dungeon Overview and Level Annotations

Branches:
Dungeon (8/15)             Temple (1/1) D:6         Ossuary (visited)
   Lair: D:8-11

Altars:
Ashenzari
Cheibriados
Dithmenos
Elyvilon
Fedhas
Gozag
Hepliaklqana
Kikubaaqudgha
Makhleb
Nemelex Xobeh
Okawaru
Qazlal
Ru
Trog
Uskayaw
Vehumet
Wu Jian
Xom
Yredelemnul
Zin
The Shining One
Beogh

Annotations:
D:9 Maurice


Innate Abilities, Weirdness & Mutations

You are resistant to torment.
Your stone body is resilient. (AC +6)
You are immune to poison.
You resist negative energy. (rN+)
You are resistant to electric shocks. (rElec)
You can survive without breathing.
You are immune to petrification.
You are immune to miasma.


Message History

The foxfire hits the komodo dragon.
The komodo dragon is lightly wounded.
You hit the komodo dragon but do no damage.
The komodo dragon is lightly wounded.
The foxfire hits the komodo dragon.
The komodo dragon is moderately wounded.
You barely miss the komodo dragon.
The komodo dragon is moderately wounded.
The komodo dragon closely misses you.
You barely miss the komodo dragon.
The komodo dragon is moderately wounded.
The komodo dragon bites you!!
You hit the komodo dragon but do no damage.
The komodo dragon is moderately wounded.
The komodo dragon bites you!!
* * * LOW HITPOINT WARNING * * *
You closely miss the komodo dragon.
The komodo dragon is lightly wounded.
The komodo dragon bites you!
You die...

.P.P ...# ..P. ..# .P.
#.# ..#####.#####
#.##........#
#.##.##.###.#
#.##.#...##.#
####.##l........#.######
......>@...#...##.......
#.##..#######.########..
#.. #.# ###.# #. #.#
#...# .. #.### .# #...#
#. ###.# #.. #§.


You could see a komodo dragon.

Vanquished Creatures
  Menkaure (D:6)
  A water moccasin (D:7)
  3 ice beasts
  An orc warrior (D:4)
  A phantom (D:6)
  A sky beast (D:7)
  An ogre (D:4)
  3 bullfrogs
  A wyvern skeleton (D:7)
  3 bullfrog zombies
  A quasit (D:8)
  A centaur zombie (D:7)
  6 orc priests
  A hound (D:7)
  A bullfrog skeleton (D:4)
  8 orc wizards
  12 worker ants
  3 big kobold zombies (Ossuary)
  A hound zombie (D:6)
  2 mummies (Ossuary)
  A worker ant zombie (D:6)
  4 gnolls (D:5)
  9 adders
  A shadow imp (D:5)
  A white imp (D:6)
  3 ufetubi
  An ooze (D:4)
  4 adder zombies
  3 adder skeletons
  5 worms
  7 dart slugs
  5 leopard geckos
  41 orcs
  8 bats
  6 giant cockroaches
  7 goblins
  4 hobgoblins
  8 jackals
  2 ball pythons (D:3)
  10 frilled lizards
  2 gnoll zombies (Ossuary)
  6 hobgoblin zombies (Ossuary)
  9 kobolds
  8 kobold zombies (Ossuary)
  A leopard gecko skeleton (D:7)
  A leopard gecko zombie (D:5)
  4 orc zombies (Ossuary)
  A quokka zombie (D:5)
  9 rats
  2 bushes (D:7)
225 creatures vanquished.

Vanquished Creatures (collateral kills)
  3 foxfires (D:7)
3 creatures vanquished.

Vanquished Creatures (others)
  787 foxfires
  16 plants (D:7)
803 creatures vanquished.

Grand Total: 1031 creatures vanquished

Notes
Turn   | Place    | Note
-------+----------+-------------------------------------------
     0 | D:1      | funkygono the Gargoyle Fire Elementalist began the quest
                  | for the Orb.
     0 | D:1      | Reached XP level 1. HP: 10/10 MP: 3/3
   367 | D:1      | Reached XP level 2. HP: 15/15 MP: 0/5
   960 | D:1      | Reached XP level 3. HP: 18/19 MP: 3/6
  1316 | D:1      | Learned a level 3 spell: Conjure Flame
  1541 | D:2      | Found a bloodstained altar of Trog.
  2164 | D:2      | Reached XP level 4. HP: 24/24 MP: 5/8
  2859 | D:3      | Reached skill level 1 in Maces & Flails
  3421 | D:3      | Reached skill level 4 in Fire Magic
  3477 | D:3      | Reached XP level 5. HP: 28/28 MP: 4/9
  3915 | D:4      | Noticed an ogre
  3924 | D:4      | Killed an ogre
  3925 | D:4      | Reached skill level 1 in Armour
  3936 | D:4      | Reached XP level 6. HP: 28/33 MP: 3/11
  4617 | D:4      | Reached skill level 5 in Fire Magic
  4617 | D:4      | Reached XP level 7. HP: 28/37 MP: 3/12
  4776 | D:4      | You fall into a shaft and drop 1 floor!
  4776 | D:5      | Entered Level 5 of the Dungeon
  4776 | D:5      | Found a runed translucent door.
  5136 | D:4      | Found a sparkling altar of Nemelex Xobeh.
  5138 | D:4      | Found a hide-covered altar of Uskayaw.
  5638 | D:5      | Found a roughly hewn altar of Beogh.
  6012 | D:5      | Reached XP level 8. HP: 42/42 MP: 10/14
  6385 | D:5      | Learned a level 5 spell: Fireball
  6394 | D:5      | Upgraded the game from 0.26.0-10-g1f06aea511 to
                  | 0.26.1-2-gb8aa6d0cf2
  6579 | D:6      | Noticed Menkaure
  6596 | D:6      | Killed Menkaure
  6780 | D:6      | Found a sand-covered staircase.
  6793 | Ossuary  | Entered an ossuary
  6853 | Ossuary  | Reached skill level 6 in Fire Magic
  7163 | Ossuary  | Reached skill level 1 in Fighting
  7539 | D:6      | Found a staircase to the Ecumenical Temple.
  7545 | Temple   | Entered the Ecumenical Temple
  7663 | Temple   | Became a worshipper of Vehumet
  7932 | D:6      | Reached skill level 5 in Spellcasting
  8164 | D:6      | Found a sparkling altar of Nemelex Xobeh.
  8400 | D:7      | Reached skill level 5 in Conjurations
  8573 | D:7      | Reached XP level 9. HP: 47/47 MP: 17/17
  8716 | D:7      | Reached skill level 7 in Fire Magic
  9382 | D:8      | Reached * piety under Vehumet
  9382 | D:8      | Offered knowledge of Shock by Vehumet.
  9744 | D:8      | You fall into a shaft and drop 1 floor!
  9745 | D:9      | Noticed Maurice
  9852 | D:9      | Noticed a komodo dragon
  9863 | D:9      | HP: 2/47 [komodo dragon (22)]
  9864 | D:9      | Demolished by a komodo dragon

Illustrated notes

Levels and vault maps discovered:
D:1:      minmay_arrival_loop, layout_loops_corners
D:2:      layout_basic, bloody_trog
D:3:      minmay_bubble_buster, layout_loops_corners
D:4:      layout_rooms, chequers_temple_overflow_statue_of_worship,
          serial_rivers, chequers_serial_rivers_small_a,
          chequers_serial_rivers_small_b, chequers_serial_rivers_small_3,
          chequers_serial_rivers_room_b, chequers_serial_rivers_large_b
D:5:      layout_rooms, lightli_church_of_beogh
D:6:      layout_basic, temple_green, nicolae_ossuary_entry_ruins, basic_altar,
          uniq_menkaure
D:7:      layout_gridville, kennysheep_boxes
D:8:      layout_gridville
D:9:      layout_loops_corners, led_sif_book, grunt_lair_entry_orc_guard_hut,
          uniq_maurice
Temple:   dpeg_five_rooms_temple

Skill      XL: |  1  2  3  4  5  6  7  8  9 |
---------------+----------------------------+-----
Spellcasting   | 3 4 5 6 |  6.5
Maces & Flails | 1 2 |  2.7
Conjurations   | 2 3 5 6 |  6.0
Fire Magic     | 4 5 6 7 |  7.2
Armour         | 1 2 3 4 |  4.4
Dodging        | 2 |  2.3
Fighting       | 1 |  1.4
Stealth        | |  2.9

Action                   |  1- 3 |  4- 6 |  7- 9 || total
-------------------------+-------+-------+-------++-------
Melee: Unarmed           |     5 |       |       ||     5
       Whip              |    16 |    47 |   209 ||   272
 Cast: Foxfire           |    54 |   112 |   309 ||   475
       Fireball          |       |       |     3 ||     3
  Use: Scroll            |     3 |     7 |    12 ||    22
 Stab: Sleeping          |     1 |       |       ||     1
Armor: Robe              |    11 |    15 |       ||    26
       Leather armour    |       |    23 |   128 ||   151
Dodge: Dodged            |    22 |    43 |   137 ||   202
